[ AOE2 MATCH · #505218804 ]
UnrankedTeutons vs Gurjaras
Player's team · LOSS
Rival team · WIN
[ REPLAY ANALYSIS · EXTRACTED FROM THE RECORDED GAME ]
Feudal
10:42
Castle
22:32
Imperial
34:02
| APM avg | 77.4 |
| APM peak | 120 |
| eAPM avg | 33.0 |
| Villagers / military | 203 / 322 |
Focus
⚔️ 53.9% · 🌾 46.1%
Spearman ×205 · Skirmisher ×63 · Hand Cannoneer ×21 · Bombard Cannon ×18 · Monk ×5 · Trebuchet (Packed) ×5
Feudal
8:25
Castle
19:04
Imperial
37:26
| APM avg | 64.4 |
| APM peak | 89 |
| eAPM avg | 35.9 |
| Villagers / military | 206 / 461 |
Focus
⚔️ 50.0% · 🌾 50.0%
Scout Cavalry ×278 · Chakram Thrower ×116 · Camel Scout ×33 · Archer ×13 · Trebuchet (Packed) ×10 · Monk ×4
Match map
Initial resources + every placement click. Lines = walls · curves = elevation contours. ◆ gold · ⬟ stone · ● berries · ✦ relic · ◌ wall gap
Your base· ✓ Closed at 22:32 · 48t walls · no gate
RoR | Thofou05's base· ✓ Closed at 19:04 · 27t walls · 1 gate(s)
Smoothed initial terrain · ◌ = detected wall gap · hover for details
Inputs per minute
— Macluffy - - RoR | Thofou05
Build order — Macluffy
First 150 of 751 actions detected
| 0:01 | Create | Villager (Male) |
| 0:02 | Build | House |
| 0:03 | Build | House |
| 0:06 | Create | Villager (Male) |
| 0:09 | Create | Villager (Male) |
| 0:10 | Create | Villager (Male) |
| 1:24 | Create | Villager (Male) |
| 1:48 | Create | Villager (Male) |
| 1:51 | Build | Lumber Camp |
| 2:19 | Create | Villager (Male) |
| 2:33 | Create | Villager (Male) |
| 3:19 | Create | Villager (Male) |
| 3:27 | Create | Villager (Male) |
| 3:52 | Build | House |
| 3:56 | Create | Villager (Male) |
| 4:28 | Create | Villager (Male) |
| 4:30 | Build | Barracks |
| 4:35 | Create | Villager (Male) |
| 4:59 | Build | House |
| 5:01 | Create | Villager (Male) |
| 5:24 | Create | Militia |
| 5:41 | Create | Villager (Male) |
| 5:43 | Create | Militia |
| 5:49 | Build | Palisade Wall |
| 5:50 | Build | Palisade Wall |
| 6:05 | Create | Militia |
| 6:12 | Create | Villager (Male) |
| 6:25 | Create | Villager (Male) |
| 6:34 | Build | Mill |
| 6:35 | Create | Villager (Male) |
| 6:59 | Create | Villager (Male) |
| 7:18 | Build | House |
| 7:32 | Research | Loom |
| 7:40 | Create | Villager (Male) |
| 7:41 | Build | House |
| 8:06 | Build | House |
| 8:27 | Research | Feudal Age |
| 8:33 | Build | Palisade Wall |
| 8:42 | Build | Mining Camp |
| 8:59 | Build | Palisade Wall |
| 9:49 | Build | Palisade Wall |
| 9:54 | Create | Villager (Male) |
| 10:20 | Create | Militia |
| 10:42 | Age | Feudal Age |
| 10:45 | Research | Double-Bit Axe |
| 10:45 | Research | Double-Bit Axe |
| 10:46 | Research | Horse Collar |
| 10:51 | Build | Archery Range |
| 10:51 | Create | Villager (Male) |
| 11:02 | Research | Man-at-Arms (upgrade) |
| 11:08 | Create | Villager (Male) |
| 11:16 | Build | House |
| 11:32 | Create | Villager (Male) |
| 11:37 | Research | Horse Collar |
| 11:39 | Build | Farm |
| 11:50 | Create | Archer |
| 12:16 | Research | Arson |
| 12:16 | Research | Arson |
| 12:16 | Create | Villager (Male) |
| 12:24 | Build | Farm |
| 12:24 | Build | Farm |
| 12:27 | Build | Farm |
| 12:29 | Create | Skirmisher |
| 12:30 | Create | Villager (Male) |
| 12:40 | Build | House |
| 12:45 | Create | Skirmisher |
| 12:46 | Create | Villager (Male) |
| 12:53 | Build | Farm |
| 12:59 | Create | Skirmisher |
| 13:08 | Create | Skirmisher |
| 13:18 | Create | Villager (Male) |
| 13:24 | Create | Skirmisher |
| 13:32 | Build | Blacksmith |
| 13:39 | Create | Skirmisher |
| 13:40 | Create | Villager (Male) |
| 13:46 | Create | Skirmisher |
| 13:47 | Create | Villager (Male) |
| 13:59 | Create | Skirmisher |
| 14:09 | Build | Farm |
| 14:11 | Build | Farm |
| 14:13 | Create | Villager (Male) |
| 14:15 | Build | House |
| 14:22 | Create | Villager (Male) |
| 14:44 | Research | Fletching |
| 14:52 | Build | House |
| 14:52 | Create | Villager (Male) |
| 14:56 | Build | Farm |
| 15:01 | Build | Lumber Camp |
| 15:05 | Create | Villager (Male) |
| 15:11 | Create | Skirmisher |
| 15:15 | Build | Farm |
| 15:16 | Build | Farm |
| 15:23 | Build | Farm |
| 15:25 | Build | House |
| 15:31 | Create | Skirmisher |
| 15:53 | Build | Farm |
| 16:01 | Research | Padded Archer Armor |
| 16:06 | Build | Farm |
| 16:07 | Build | Farm |
| 16:09 | Create | Villager (Male) |
| 16:12 | Build | Farm |
| 16:15 | Create | Skirmisher |
| 16:39 | Create | Villager (Male) |
| 16:44 | Create | Villager (Male) |
| 16:51 | Build | Market |
| 16:56 | Create | Skirmisher |
| 17:01 | Build | Farm |
| 17:05 | Create | Skirmisher |
| 17:08 | Create | Skirmisher |
| 17:30 | Create | Villager (Male) |
| 17:45 | Build | House |
| 17:50 | Build | Palisade Wall |
| 17:51 | Create | Skirmisher |
| 18:04 | Create | Villager (Male) |
| 18:36 | Build | Farm |
| 18:37 | Create | Villager (Male) |
| 18:44 | Create | Villager (Male) |
| 19:15 | Create | Villager (Male) |
| 19:24 | Create | Skirmisher |
| 19:24 | Create | Villager (Male) |
| 19:24 | Create | Spearman |
| 19:31 | Create | Villager (Male) |
| 19:45 | Research | Castle Age |
| 19:56 | Create | Spearman |
| 19:56 | Create | Villager (Male) |
| 19:59 | Build | Farm |
| 20:15 | Create | Spearman |
| 20:15 | Create | Villager (Male) |
| 20:26 | Create | Villager (Male) |
| 20:31 | Create | Spearman |
| 20:44 | Build | Palisade Wall |
| 20:49 | Create | Villager (Male) |
| 20:50 | Create | Spearman |
| 21:10 | Build | Watch Tower |
| 21:14 | Build | Market |
| 21:16 | Create | Skirmisher |
| 21:22 | Create | Villager (Male) |
| 21:31 | Create | Skirmisher |
| 21:52 | Create | Villager (Male) |
| 21:54 | Build | Watch Tower |
| 21:57 | Build | House |
| 21:58 | Build | House |
| 21:59 | Build | House |
| 22:00 | Build | House |
| 22:04 | Build | Palisade Wall |
| 22:15 | Create | Villager (Male) |
| 22:31 | Create | Skirmisher |
| 22:32 | Age | Castle Age |
| 22:46 | Create | Villager (Male) |
| 22:50 | Build | Town Center |
Build order — RoR | Thofou05
First 150 of 888 actions detected
| 0:00 | Create | Villager (Male) |
| 0:00 | Create | Villager (Male) |
| 0:02 | Build | House |
| 0:03 | Build | House |
| 0:13 | Create | Villager (Male) |
| 0:30 | Create | Villager (Male) |
| 1:11 | Build | Mill |
| 1:17 | Create | Villager (Male) |
| 1:17 | Create | Villager (Male) |
| 1:50 | Create | Villager (Male) |
| 1:50 | Create | Villager (Male) |
| 2:09 | Create | Villager (Male) |
| 2:34 | Create | Villager (Male) |
| 3:04 | Create | Villager (Male) |
| 3:04 | Create | Villager (Male) |
| 3:26 | Create | Villager (Male) |
| 3:33 | Build | House |
| 3:42 | Create | Villager (Male) |
| 3:42 | Create | Villager (Male) |
| 4:13 | Create | Villager (Male) |
| 4:17 | Create | Villager (Male) |
| 4:17 | Create | Villager (Male) |
| 4:36 | Create | Villager (Male) |
| 4:36 | Create | Villager (Male) |
| 4:45 | Build | Lumber Camp |
| 5:19 | Research | Loom |
| 6:04 | Research | Feudal Age |
| 6:04 | Research | Feudal Age |
| 6:45 | Build | Mining Camp |
| 7:27 | Build | Barracks |
| 7:38 | Create | Villager (Male) |
| 7:39 | Create | Villager (Male) |
| 8:25 | Age | Feudal Age |
| 8:28 | Build | Archery Range |
| 8:41 | Build | House |
| 8:42 | Research | Double-Bit Axe |
| 8:42 | Research | Double-Bit Axe |
| 8:45 | Create | Villager (Male) |
| 9:06 | Create | Villager (Male) |
| 9:09 | Create | Archer |
| 9:15 | Build | Palisade Wall |
| 9:27 | Create | Archer |
| 9:33 | Create | Villager (Male) |
| 9:38 | Build | House |
| 9:43 | Build | Palisade Gate |
| 9:46 | Build | Palisade Wall |
| 9:50 | Create | Archer |
| 9:51 | Create | Villager (Male) |
| 9:54 | Build | Palisade Wall |
| 10:06 | Build | Palisade Wall |
| 10:08 | Build | Palisade Wall |
| 10:15 | Build | House |
| 10:16 | Create | Villager (Male) |
| 10:24 | Create | Villager (Male) |
| 10:34 | Build | Farm |
| 10:37 | Build | House |
| 10:39 | Create | Villager (Male) |
| 10:45 | Build | House |
| 10:46 | Build | Palisade Wall |
| 10:46 | Build | Palisade Wall |
| 10:49 | Create | Archer |
| 10:53 | Create | Villager (Male) |
| 10:57 | Build | Palisade Wall |
| 11:02 | Create | Villager (Male) |
| 11:04 | Build | Farm |
| 11:09 | Create | Villager (Male) |
| 11:12 | Build | Palisade Wall |
| 11:14 | Build | Palisade Wall |
| 11:22 | Build | Farm |
| 11:23 | Create | Archer |
| 11:35 | Build | House |
| 11:41 | Create | Archer |
| 11:42 | Create | Villager (Male) |
| 11:59 | Create | Villager (Male) |
| 12:02 | Build | Farm |
| 12:12 | Build | Farm |
| 12:13 | Create | Archer |
| 12:15 | Create | Villager (Male) |
| 12:33 | Create | Villager (Male) |
| 12:34 | Build | Farm |
| 12:40 | Build | House |
| 12:58 | Create | Archer |
| 12:58 | Create | Villager (Male) |
| 13:10 | Build | House |
| 13:21 | Build | Blacksmith |
| 13:26 | Create | Archer |
| 13:36 | Create | Villager (Male) |
| 13:45 | Create | Archer |
| 13:47 | Create | Villager (Male) |
| 13:51 | Build | House |
| 13:52 | Build | Palisade Wall |
| 13:57 | Build | Palisade Wall |
| 14:04 | Research | Fletching |
| 14:04 | Research | Fletching |
| 14:13 | Build | House |
| 14:23 | Build | Farm |
| 14:34 | Create | Villager (Male) |
| 14:36 | Create | Archer |
| 14:41 | Create | Villager (Male) |
| 14:43 | Build | Farm |
| 14:45 | Build | Farm |
| 14:58 | Build | Farm |
| 15:08 | Create | Archer |
| 15:20 | Build | Farm |
| 15:25 | Create | Villager (Male) |
| 15:35 | Build | Farm |
| 15:43 | Build | Palisade Wall |
| 15:48 | Build | Farm |
| 15:52 | Create | Villager (Male) |
| 15:59 | Build | Farm |
| 16:15 | Create | Archer |
| 16:24 | Research | Castle Age |
| 16:35 | Build | Farm |
| 16:38 | Build | Farm |
| 16:49 | Build | Palisade Wall |
| 17:05 | Build | House |
| 17:07 | Build | House |
| 17:12 | Build | House |
| 17:20 | Research | Horse Collar |
| 17:27 | Create | Villager (Male) |
| 17:30 | Build | Stable |
| 18:15 | Create | Camel Scout |
| 18:15 | Create | Camel Scout |
| 18:18 | Research | Scale Barding Armor |
| 18:18 | Research | Scale Barding Armor |
| 18:33 | Create | Camel Scout |
| 18:40 | Create | Villager (Male) |
| 18:47 | Build | Farm |
| 18:59 | Build | House |
| 19:04 | Age | Castle Age |
| 19:09 | Research | Crossbowman (upgrade) |
| 19:22 | Create | Villager (Male) |
| 19:26 | Build | Monastery |
| 19:34 | Create | Villager (Male) |
| 19:39 | Create | Camel Scout |
| 19:39 | Create | Camel Scout |
| 19:43 | Create | Villager (Male) |
| 19:47 | Build | Town Center |
| 19:57 | Create | Camel Scout |
| 20:10 | Create | Monk |
| 20:11 | Create | Villager (Male) |
| 20:15 | Build | Town Center |
| 20:36 | Create | Monk |
| 20:36 | Create | Villager (Male) |
| 21:02 | Create | Villager (Male) |
| 21:09 | Research | Bodkin Arrow |
| 21:15 | Create | Villager (Male) |
| 21:17 | Build | Farm |
| 21:18 | Build | Farm |
| 21:21 | Create | Villager (Male) |
Match timeline
| 4:30 | Macluffy · first_building Barracks |
| 5:49 | Macluffy · wall_segment Palisade Wall x3 |
| 5:50 | Macluffy · wall_segment Palisade Wall x10 |
| 7:27 | RoR | Thofou05 · first_building Barracks |
| 8:25 | RoR | Thofou05 · age_up feudal |
| 8:28 | RoR | Thofou05 · first_building Archery Range |
| 8:33 | Macluffy · wall_segment Palisade Wall x13 |
| 8:59 | Macluffy · wall_segment Palisade Wall x8 |
| 9:15 | RoR | Thofou05 · wall_segment Palisade Wall x1 |
| 9:46 | RoR | Thofou05 · wall_segment Palisade Wall x1 |
| 9:49 | Macluffy · wall_segment Palisade Wall x15 |
| 9:54 | RoR | Thofou05 · wall_segment Palisade Wall x1 |
| 10:06 | RoR | Thofou05 · wall_segment Palisade Wall x1 |
| 10:08 | RoR | Thofou05 · wall_segment Palisade Wall x1 |
| 10:42 | Macluffy · age_up feudal |
| 10:46 | RoR | Thofou05 · wall_segment Palisade Wall x1 |
| 10:46 | RoR | Thofou05 · wall_segment Palisade Wall x1 |
| 10:51 | Macluffy · first_building Archery Range |
| 10:57 | RoR | Thofou05 · wall_segment Palisade Wall x7 |
| 11:12 | RoR | Thofou05 · wall_segment Palisade Wall x1 |
| 11:14 | RoR | Thofou05 · wall_segment Palisade Wall x1 |
| 13:52 | RoR | Thofou05 · wall_segment Palisade Wall x5 |
| 13:57 | RoR | Thofou05 · wall_segment Palisade Wall x4 |
| 15:43 | RoR | Thofou05 · wall_segment Palisade Wall x1 |
| 16:49 | RoR | Thofou05 · wall_segment Palisade Wall x1 |
| 17:30 | RoR | Thofou05 · first_building Stable |
| 17:50 | Macluffy · wall_segment Palisade Wall x1 |
| 18:16 | Macluffy · first_market_buy 100 food |
| 18:17 | Macluffy · first_market_sell 100 stone |
| 19:04 | RoR | Thofou05 · age_up castle |
| 19:26 | RoR | Thofou05 · first_building Monastery |
| 20:44 | Macluffy · wall_segment Palisade Wall x1 |
| 22:04 | Macluffy · wall_segment Palisade Wall x1 |
| 22:32 | Macluffy · age_up castle |
| 23:12 | Macluffy · wall_segment Palisade Wall x1 |
| 25:04 | RoR | Thofou05 · wall_segment Palisade Wall x1 |
| 25:23 | Macluffy · first_building Monastery |
| 26:49 | RoR | Thofou05 · first_building Siege Workshop |
| 27:55 | RoR | Thofou05 · first_building Castle |
| 29:07 | RoR | Thofou05 · first_market_buy 100 food |
| 33:29 | Macluffy · first_building Castle |
| 34:02 | Macluffy · age_up imperial |
| 34:11 | RoR | Thofou05 · first_market_sell 500 wood |
| 34:13 | Macluffy · first_building Siege Workshop |
| 37:26 | RoR | Thofou05 · age_up imperial |
| 46:15 | Macluffy · wall_segment Stone Wall x17 |
| 46:55 | Macluffy · wall_segment Palisade Wall x1 |
| 47:00 | Macluffy · wall_segment Palisade Wall x1 |
| 50:51 | Macluffy · wall_segment Stone Wall x8 |
| 54:36 | Macluffy · resign |
[ AI ANALYSIS · 1 CREDIT ]
What really happened in this match?
Wolo.gg analyzes every decision: build order, eco, micro, common mistakes by bracket. Personalized analysis on WhatsApp or Discord in 30 seconds.
Civ guide
Teutons
Perfil
Jugador #453821